 Dungeon Crawl Stone Soup version 0.22-a0-417-g1387785 (webtiles) character file.

44 Kairos the Shield-Bearer (level 3, 20/20 HPs)
             Began as a Vine Stalker Fighter on May 14, 2018.
             Quit the game on level 1 of the Dungeon.
             The game lasted 00:00:53 (674 turns).

Kairos the Shield-Bearer (Vine Stalker Fighter)      Turns: 674, Time: 00:00:54

Health: 20/20      AC:  6    Str: 19    XL:     3   Next: 62%
Magic:  4/4        EV:  7    Int:  8    God:
Gold:   71         SH:  9    Dex: 13    Spells: 2/2 levels left

rFire    . . .     SeeInvis .   a - +0 war axe
rCold    . . .     Gourm    .   c - +0 shield
rNeg     . . .     Faith    .   b - +0 scale mail
rPois    .         Spirit   +   (no helmet)
rElec    .         Reflect  .   (no cloak)
rCorr    .         Harm     .   (no gloves)
MR       .....                  (no boots)
Stlth    ..........             (no amulet)
HPRegen  0.06/turn              (no ring)
MPRegen  0.09/turn              (no ring)

@: no status effects
A: fangs 2, magic shield, antimagic bite, no potion heal 3, rot immunity
a: no special abilities


You were on level 1 of the Dungeon.
You were not hungry.

You visited 1 branch of the dungeon, and saw 1 of its levels.

You collected 71 gold pieces.

Inventory:

Hand Weapons
 a - a +0 war axe (weapon)
Armour
 b - a +0 scale mail (worn)
 c - a +0 shield (worn)
Scrolls
 g - a scroll of immolation {unknown}
 h - 2 scrolls of identify {unknown}
 i - a scroll of enchant weapon {unknown}
 l - a scroll of blinking {unknown}
Potions
 d - a potion of might
 e - 2 potions of agility {unknown}
 j - a potion of curing {unknown}
 k - 2 potions of resistance {unknown}
 m - a potion of flight {unknown}
 n - a potion of cancellation {unknown}
Comestibles
 f - 2 rations


   Skills:
 + Level 3.0 Fighting
 + Level 2.2 Axes
 + Level 2.7 Armour
 + Level 0.3 Dodging
 + Level 3.1 Shields


You had 2 spell levels left.
You didn't know any spells.
Your spell library was empty.

Dungeon Overview and Level Annotations

Branches:
Dungeon (1/15)

Altars:


Innate Abilities, Weirdness & Mutations

You have extremely sharp teeth.
When hurt, damage is shared between your health and your magic reserves.
Your bite disrupts and absorbs the magic of your enemies.
Potions cannot restore your health.
You are immune to rotting.


Message History

You see here a club.
n - an emerald potion No target in view!
A rat comes into view.
Found 12 gold pieces.
A rat is nearby!
You slash the rat!
You kill the rat!
You now have 71 gold pieces (gained 12).
Done exploring.
No target in view!
Done exploring.
No target in view!
Done exploring.
No target in view!
Done exploring.
Done exploring.
Done exploring.
Done exploring.
Are you sure you want to abandon this character and quit the game? (Confirm with "yes".)

#.# #)....#######...#
#.# #.....# ##### #.#
#.....# ##### #.#
#.....# #.... #.#
#.##### #.### #.#
#.###########.#.. #.#
#.............#..
#.#####################
#.....@.............†..
##################.####
#..# ##.### #.#.. #.#..
#†### #.##. #.#..


There were no monsters in sight!

Vanquished Creatures
  An ooze (D:1)
  3 dart slugs (D:1)
  2 leopard geckos (D:1)
  2 giant cockroaches (D:1)
  5 goblins (D:1)
  3 hobgoblins (D:1)
  3 jackals (D:1)
  A kobold (D:1)
  A ball python (D:1)
  5 bats (D:1)
  A frilled lizard (D:1)
  3 rats (D:1)
30 creatures vanquished.

Notes
Turn   | Place    | Note
-------+----------+-------------------------------------------
     0 | D:1      | Kairos the Vine Stalker Fighter began the quest for the Orb.
     0 | D:1      | Reached XP level 1. HP: 11/11 MP: 2/2
    73 | D:1      | Reached XP level 2. HP: 10/16 MP: 1/3
   268 | D:1      | Reached XP level 3. HP: 20/20 MP: 4/4
   674 | D:1      | Quit the game

Vault maps used:
D:1:      dpeg_arrival_short_road, kennysheep_pointless_box

Skill      XL: |  1  2 |
---------------+-------+-----
Fighting       | 3 |  3.0
Axes           | 2 |  2.2
Shields        | 3 |  3.1
Armour         | |  2.7
Dodging        | |  0.3

Action                   || total
-------------------------++-------
Melee: War axe           ||    64
       Bite              ||    24
Armor: Scale mail        ||    42
Dodge: Dodged            ||    18
Block: Shield            ||    51

Table legend:
 A = Spawn XP
 B = Non-spawn XP
 C = Spawn XP percentage of total XP
 D = Spawn monster count
 E = Non-spawn monster count
 F = Spawn count percentage of total count
 G = Total turns spent on level
                    A         B        C        D         E        F      G
               +---------+---------+-------+---------+---------+-------+---------
         Total |       0 |      64 |   0.0 |       0 |      30 |   0.0 |   674
               +---------+---------+-------+---------+---------+-------+---------
           D:1 |       0 |      64 |   0.0 |       0 |      30 |   0.0 |   674
               +---------+---------+-------+---------+---------+-------+---------
